 Dungeon Sprint DCSS version 0.31-a0-344-gd109795599 (webtiles) character file.

Game seed: 7067530297820683419

284 Conn the Arsonist (level 6, -6/36 HPs)
             Began as an Octopode Fire Elementalist on July 22, 2023.
             Killed from afar by a deep elf pyromancer (24 damage)
             ... with a bolt of fire
             ... in the Dungeon (Sprint III: "The Ten Rune Challenge").
             The game lasted 00:03:14 (589 turns).

Conn the Arsonist (Octopode Fire Elementalist)       Turns: 589, Time: 00:03:17

Health: -6/36      AC:  1    Str:  8    XL:     6   Next: 29%
Magic:  11/15      EV: 14    Int: 19    God:
Gold:   34         SH:  0    Dex: 12    Spells: 8/18 levels left

rFire   . . .        (no weapon)
rCold   . . .        (no shield)
rNeg    . . .        (helmet restricted)
rPois   .            (no amulet)
rElec   .            (no ring)
rCorr   .            (no ring)
SInv    .            (no ring)
Will    .....        (no ring)
Stlth   ++++         (no ring)
HPRegen 0.26/turn    (no ring)
MPRegen 0.14/turn    (no ring)
                     (no ring)

%: no teleportation
@: no status effects
A: almost no armour, amphibious, 8 rings, camouflage 1, gelatinous body 1,
(nimble swimmer 1), tentacles
a: no special abilities


You were in the Dungeon.
You visited 1 branch You collected 34 gold pieces.

Inventory:

Scrolls
 g - 2 scrolls of torment
 h - 2 scrolls of identify
Potions
 a - 2 potions of magic
 b - a potion of curing
 c - a potion of heal wounds
 e - a potion of berserk rage
 i - 3 potions of enlightenment
 j - 6 potions of mutation


   Skills:
 + Level 4.3 Dodging
 + Level 5.7 Stealth
 + Level 6.5 Spellcasting
 + Level 3.2 Conjurations
 + Level 0.6 Hexes
 + Level 9.2 Fire Magic


You had 8 spell levels left.
You knew the following spells:

 Your Spells              Type           Power      Damage    Failure   Level
a - Foxfire               Conj/Fire      100%       2x1d9     1%          1
b - Scorch                Fire           82%        2d8       1%          2
c - Inner Flame           Hex/Fire       25%        N/A       4%          3
d - Flame Wave            Conj/Fire      29%        2d9       9%          4

Your spell library contained the following spells:

 Spells                   Type           Power      Damage    Failure   Level
 Volatile Blastmotes      Fire/Tloc      46%        2d13      4%          3


Dungeon Overview and Level Annotations

Branches:
Dungeon (1/1)

Altars:
Kikubaaqudgha
Sif Muna
Trog
Uskayaw
Vehumet
Wu Jian


Innate Abilities, Weirdness & Mutations

You cannot wear most types of armour.
You are amphibious.
You can wear up to eight rings at the same time.
Your skin changes colour to match your surroundings (Stealth+).
Your rubbery body absorbs attacks. (AC +1, EV +1)
((You are camouflaged when in or above water. (Stealth+)))
You have tentacles for arms and can constrict up to eight enemies at once.


Message History

Okay, then.
Unknown command.
Casting: Flame Wave (quite dangerous; 9% risk of failure)
Confirm with . or Enter, or press ? or * to list all spells.
Flames lash the fire elemental.
The fire elemental completely resists.
The human closely misses you.
Unknown command.
Casting: Scorch (safe; 1% risk of failure)
Confirm with . or Enter, or press ? or * to list all spells.
Flames lash the fire elemental.
The fire elemental completely resists.
The human closely misses you.
Unknown command.
Casting: Scorch (safe; 1% risk of failure)
Confirm with . or Enter, or press ? or * to list all spells.
Flames lash the deep elf pyromancer.
The deep elf pyromancer is moderately wounded.
The deep elf pyromancer's fire resistance burns away.
The fire elemental barely misses you. The human hits you but does no damage.
Unknown command.
Magic courses through your body. The fire elemental hits you.
The fire elemental burns you! The fire elemental misses you.
The human completely misses you.
Unknown command.
Unknown command.
Casting: Scorch (safe; 1% risk of failure)
Confirm with . or Enter, or press ? or * to list all spells.
The spell is quite dangerous to miscast (9% risk of failure)!
Continue anyway?
Casting: Flame Wave (quite dangerous; 9% risk of failure)
Press: ? - help, Dir - look around, f - activate A wave of flame ripples out!
The flame wave engulfs the human!
The human is burned terribly!
You kill the human!
The flame wave engulfs the fire elemental.
The fire elemental completely resists. (Press . to intensify the flame waves.)
The fire elemental hits you. The fire elemental burns you!
The deep elf pyromancer points at you and mumbles some strange words.
The bolt of fire hits you!!
Ouch! That really hurt!
You die...

▓▓▓▓▓▓▓▓▓ ▓▓▓ ▓<..#...####
##.# ## ▓...#......#####..#
__# ▓..##.......#..#..#
#__.
▓##.##.##.).#..#..###'#'###
##.##.###..##'#.E#........
▓#.####.##..###.@[e.⌠......
▓.###..##..####...#...####
▓#.....##..###....#.⌠.#
###..##...##.....#...#
##..##....#..÷...#)###
#..###..##.#.....#): #[.#
#..#####....#___ ▓▓▓▓ ▓▓▓▓
▓▓▓▓▓▓▓▓▓▓


You could see a deep elf pyromancer (combustible) and a fire elemental
(summoned).

Vanquished Creatures
  A water elemental (D)
  A wizard (D)
  Jessica (D)
  3 humans (D)
  A kobold demonologist (D)
  A phantom (D)
  An endoplasm (D)
  2 rats (D)
11 creatures vanquished.

Vanquished Creatures (others)
  38 foxfires (D)
38 creatures vanquished.

Grand Total: 49 creatures vanquished

Notes
Turn   | Place    | Note
-------+----------+-------------------------------------------
     0 | D        | Conn the Octopode Fire Elementalist began the quest for the
                  | Orb.
     0 | D        | Reached XP level 1. HP: 11/11 MP: 3/3
    57 | D        | Noticed Jessica
    61 | D        | Killed Jessica
    62 | D        | Reached skill level 5 in Fire Magic
    62 | D        | Reached XP level 2. HP: 17/17 MP: 0/6
    62 | D        | Reached XP level 3. HP: 21/21 MP: 0/7
   266 | D        | Learned a level 2 spell: Scorch
   270 | D        | Learned a level 3 spell: Inner Flame
   270 | D        | Noticed a water elemental
   273 | D        | Killed a water elemental
   274 | D        | Reached skill level 7 in Fire Magic
   274 | D        | Reached XP level 4. HP: 27/27 MP: 2/10
   347 | D        | Found a radiant altar of Vehumet.
   347 | D        | Found a shimmering blue altar of Sif Muna.
   347 | D        | Found an ancient bone altar of Kikubaaqudgha.
   347 | D        | Noticed a wizard
   351 | D        | Killed a wizard
   352 | D        | Reached skill level 5 in Stealth
   352 | D        | Reached skill level 5 in Spellcasting
   352 | D        | Reached XP level 5. HP: 21/31 MP: 0/12
   409 | D        | Found a hide-covered altar of Uskayaw.
   409 | D        | Found a bloodstained altar of Trog.
   409 | D        | Found an ornate altar of the Wu Jian Council.
   409 | D        | Noticed a human
   410 | D        | Noticed a human
   418 | D        | Killed a human
   419 | D        | Reached skill level 9 in Fire Magic
   419 | D        | Reached XP level 6. HP: 36/36 MP: 0/15
   574 | D        | Learned a level 4 spell: Flame Wave
   583 | D        | Noticed a deep elf pyromancer
   585 | D        | Noticed a fire elemental
   589 | D        | Killed a human
   589 | D        | Killed from afar by a deep elf pyromancer

Illustrated notes

Levels and vault maps discovered:
D:        dungeon_sprint_mu [sprint_mu_entry_cave, sprint_mu_temple_rooms,
          sprint_mu_d1_spiders, sprint_mu_d2_genie, sprint_mu_d3_branching,
          sprint_mu_orc_legion, sprint_mu_elf_gauntlet, sprint_mu_hive_nellie,
          sprint_mu_lair_fedhas, sprint_mu_vaults_butterflies,
          sprint_mu_slime_circle, sprint_mu_swamp_cave, sprint_mu_shoals_kraken,
          sprint_mu_blade_basic, sprint_mu_crypt_chambers,
          sprint_mu_tomb_spiral, sprint_mu_vestibule_basic,
          sprint_mu_gehenna_hellfire, sprint_mu_dis_giant,
          sprint_mu_tartarus_statrot, sprint_mu_cocytus_islands, sprint_mu_zot1]

Skill      XL: |  1  2  3  4  5 |
---------------+----------------+-----
Stealth        | 3 4 5 |  5.7
Spellcasting   | 3 4 5 6 |  6.5
Fire Magic     | 5 7 9 |  9.2
Dodging        | 3 4 |  4.3
Conjurations   | 2 3 |  3.2
Hexes          | |  0.6

Action                     |  1- 3 |  4- 6 || total
---------------------------+-------+-------++-------
  Melee: Unarmed           |     1 |       ||     1
         Constrict         |     1 |       ||     1
         Tentacles         |     1 |       ||     1
   Cast: Foxfire           |    15 |     6 ||    21
         Scorch            |     3 |     9 ||    12
         Inner Flame       |       |     3 ||     3
         Flame Wave        |       |     1 ||     1
    Use: Scroll            |       |     2 ||     2
         Potion            |       |     2 ||     2
 Armour: Skin              |     1 |     2 ||     3
  Dodge: Dodged            |     2 |     8 ||    10

Table legend: (Time is in decaauts)
 A = Elapsed time spent in this place.
 B = Non-inter-level travel time spent in this place.
 C = Inter-level travel time spent in this place.
 D = Time resting spent in this place.
 E = Time spent auto-exploring this place.
 F = Levels seen in this place.
 G = Mean time per level.
                   A        B        C        D        E       F      G
               +--------+--------+--------+--------+--------+-----+--------+
         Total |    575 |    575 |      0 |    365 |      0 |   1 |  575.0 |
       Dungeon |    575 |    575 |      0 |    365 |      0 |   1 |  575.0 |
               +--------+--------+--------+--------+--------+-----+--------+

Top non-repeatable levels by time:
       D: 575 daAuts
